Map: New Repugnancy LE

Players

Erik

  • Race: Zerg Zerg
  • Spawn Location: 7:00

Clem - Winner!

  • Race: Terran Terran
  • Spawn Location: 1:00

Event: 2019 WCS Summer

VOD

Have the link to the VOD?

Description

Time

  • Played on: July 12, 2019, 8:14 a.m.
  • Length: 17:05

All games in this series

Show
View Real Time Build Order
Export as new Build Order

Erik Zerg 

Build Orders: Pool First, Muta Ling Bane 

Get SALT Encoding   

  12  0:01  Drone  
  13  0:10  Drone  
  14  0:14  Extractor  
  14  0:15  Drone  
  15  0:22  Overlord  
  15  0:37  Spawning Pool  
  15  0:41  Drone  
  15  0:44  Drone  
  15  0:48  Drone  
  17  1:08  Hatchery  
  16  1:12  Drone  
  16  1:15  Drone  
  18  1:23  Queen  
  20  1:26  Extractor  
  20  1:30  Drone  
  20  1:35  Overlord  
  20  1:39  Drone  
  21  1:49  Drone  
  22  1:59  Drone, Queen  
  25  2:09  Drone  
  26  2:20  Queen  
  26  2:22  Drone x2  
  30  2:29  Metabolic Boost  
  30  2:34  Drone x4  
  34  2:39  Zergling x2  
  34  2:42  Zergling x2  
  36  2:47  Overlord  
  36  3:05  Queen  
  36  3:06  Drone x3  
  36  3:10  Drone x2  
  36  3:12  Hatchery  
  42  3:14  Drone  
  43  3:20  Zergling x2  
  43  3:23  Overlord  
  44  3:30  Overlord  
  44  3:42  Drone  
  44  3:43  Zergling x2  
  44  3:44  Zergling x4  
  44  3:46  Drone x3  
  44  3:48  Drone  
  52  3:49  Queen  
  52  3:55  Overlord  
  54  4:01  Overlord  
  54  4:08  Drone  
  55  4:10  Drone  
  55  4:12  Extractor  
  55  4:16  Baneling Nest  
  55  4:17  Zergling x8  
  55  4:21  Drone  
  55  4:22  Drone x2  
  61  4:24  Queen  
  61  4:28  Drone x2  
  65  4:33  Queen  
  65  4:38  Overlord  
  67  4:39  Lair, Extractor  
  67  4:40  Drone  
  67  4:42  Extractor  
  66  4:53  Zergling x8, Spore Crawler  
  66  4:54  Drone x4, Spore Crawler  
  72  5:01  Baneling x4  
  72  5:03  Drone x2  
  74  5:08  Overlord  
  74  5:13  Overlord  
  74  5:18  Drone  
  68  5:30  Zergling x8  
  68  5:31  Zergling x10  
  68  5:32  Queen  
  74  5:35  Drone x2  
  74  5:42  Drone  
  74  5:43  Drone x3  
  74  5:46  Drone  
  74  5:48  Spire  
  75  5:50  Drone  
  76  5:58  Centrifical Hooks, Drone x3  
  79  6:05  Drone  
  79  6:06  Evolution Chamber  
  79  6:07  Drone, Evolution Chamber  
  79  6:08  Drone  
  80  6:16  Drone  
  80  6:18  Drone, Extractor x2  
  80  6:19  Drone  
  81  6:26  Drone x3  
  81  6:27  Drone  
  81  6:28  Drone  
  81  6:29  Baneling  
  81  6:30  Baneling x2  
  81  6:31  Baneling  
  81  6:32  Drone  
  87  6:34  Baneling x2  
  87  6:37  Hatchery  
  86  6:44  Zerg Ground Armor Level 1, Zerg Melee Weapons Level 1  
  86  6:48  Zergling x2  
  86  6:49  Zergling x6  
  86  6:51  Overlord  
  86  6:52  Overlord  
  86  6:53  Overlord  
  90  6:58  Baneling x2  
  90  7:00  Overlord  
  90  7:06  Overlord  
  89  7:13  Mutalisk x5  
  99  7:16  Mutalisk x2  
  103  7:23  Mutalisk  
  103  7:26  Drone x5  
  110  7:37  Zergling x2, Extractor x2  
  110  7:38  Zergling x12  
  115  7:45  Mutalisk  
  117  7:52  Mutalisk x4  
  125  8:00  Infestation Pit, Drone x3  
  125  8:01  Drone  
  125  8:03  Drone x2  
  130  8:11  Drone x2  
  132  8:19  Drone x4  
  136  8:26  Overlord  
  135  8:27  Hatchery  
  135  8:28  Overlord x2  
  134  8:36  Zerg Flyer Weapons Level 1  
  134  8:37  Hive  
  134  8:39  Drone  
  135  8:42  Overlord  
  135  8:45  Overlord  
  135  8:47  Zergling x26  
  135  8:48  Zergling x2  
  149  8:53  Zerg Melee Weapons Level 2  
  149  8:56  Zerg Ground Armor Level 2  
  149  8:59  Baneling  
  149  9:00  Baneling x4  
  150  9:02  Zergling x2  
  150  9:03  Zergling x6  
  150  9:05  Drone  
  154  9:13  Pneumatized Carapace  
  154  9:14  Overseer  
  146  9:28  Baneling x7  
  146  9:29  Overlord  
  146  9:31  Overseer  
  146  9:33  Hatchery  
  146  9:34  Drone  
  146  9:35  Drone x3  
  146  9:38  Baneling x8  
  149  9:39  Zergling x20  
  155  9:50  Overseer  
  154  9:53  Zergling x24  
  161  10:00  Zergling x2  
  161  10:01  Zergling x2  
  161  10:03  Adrenal Glands  
  161  10:04  Ultralisk Cavern  
  162  10:13  Baneling  
  162  10:14  Baneling x13  
  155  10:15  Zergling x10  
  155  10:16  Zergling x2  
  156  10:24  Zergling x14  
  149  10:45  Zergling x24  
  149  10:47  Baneling  
  149  10:48  Baneling x8  
  146  10:57  Zergling x14  
  146  11:05  Chitinous Plating  
  146  11:07  Baneling  
  146  11:08  Baneling x8  
  146  11:14  Ultralisk x3  
  146  11:18  Baneling x11  
  154  11:22  Corruptor  
  154  11:23  Zergling x4  
  154  11:27  Zergling x8  
  155  11:42  Zergling x2  
  155  11:43  Zergling x28  
  159  11:56  Ultralisk x2  
  159  11:59  Baneling  
  159  12:00  Baneling x3  
  165  12:07  Zergling x16  
  169  12:15  Mutalisk x4  
  146  12:23  Overseer  
  146  12:26  Hatchery  
  145  12:32  Baneling x10  
  145  12:34  Zergling x8  
  142  12:45  Corruptor x3  
  147  12:51  Corruptor  
  147  12:52  Corruptor  
  147  12:56  Zergling x8  
  140  13:07  Ultralisk  
  114  13:14  Ultralisk  
  120  13:22  Ultralisk  
  120  13:24  Baneling x8  
  120  13:25  Overseer  
  120  13:26  Overseer  
  126  13:32  Zergling x12  
  132  13:38  Zergling x4  
  132  13:39  Zergling x6  
  135  13:45  Zergling x10  
  138  13:53  Ultralisk  
  138  13:59  Ultralisk  
  136  14:06  Ultralisk  
  134  14:11  Corruptor  
  134  14:12  Corruptor  
  137  14:18  Infestor x2  
  137  14:19  Infestor  
  143  14:26  Ultralisk  
  143  14:29  Zergling x4  
  143  14:30  Zergling x2  
  143  14:47  Ultralisk  
  143  14:48  Ultralisk  
  143  14:51  Baneling x6  
  151  14:53  Zergling x2  
  151  14:54  Zergling x6  
  148  15:00  Zergling x6  
  148  15:06  Corruptor  
  145  15:09  Zergling x2  
  145  15:10  Zergling x6  
  143  15:19  Zergling x14  
  107  15:36  Zergling x22  
  107  15:42  Zergling x2  
  103  15:43  Zergling x4  
  96  15:56  Overseer x2  
  94  15:58  Ultralisk  
  94  16:19  Hatchery  
  94  16:20  Baneling x3  
  94  16:21  Baneling x2  
  93  16:27  Zergling x10  
  90  16:38  Drone x4  
  91  16:48  Zergling x8  
Show
View Real Time Build Order
Export as new Build Order

Clem Terran - Winner!

Build Orders: Gas First Reaper Expand, Liberator Opening 

Get SALT Encoding   

  12  0:00  SCV  
  13  0:12  SCV  
  14  0:17  Supply Depot  
  14  0:24  SCV  
  15  0:29  Refinery  
  15  0:38  SCV  
  16  0:43  Barracks  
  16  0:50  SCV  
  17  1:02  SCV  
  18  1:15  SCV  
  19  1:30  Orbital Command, Reaper  
  20  1:42  Command Center  
  20  1:53  Factory  
  20  1:57  SCV  
  21  2:07  Barracks Reactor  
  21  2:09  SCV  
  21  2:13  Supply Depot  
  22  2:17  Refinery  
  22  2:21  SCV  
  23  2:35  SCV  
  24  2:44  Starport  
  24  2:47  SCV, Hellion x2  
  29  2:55  Orbital Command  
  29  3:00  SCV  
  29  3:04  Barracks Tech Lab  
  30  3:08  Hellion  
  30  3:12  Hellion  
  33  3:15  SCV  
  34  3:22  SCV  
  36  3:27  SCV  
  36  3:28  Viking  
  38  3:34  Supply Depot  
  38  3:35  SCV  
  38  3:39  SCV  
  38  3:40  Hellion  
  38  3:41  Liberator  
  42  3:43  Hellion  
  42  3:48  SCV  
  45  3:50  Barracks Tech Lab  
  45  3:51  SCV  
  46  3:58  Supply Depot  
  46  4:00  SCV  
  50  4:03  SCV  
  50  4:09  Hellion  
  53  4:13  SCV  
  53  4:15  Stimpack  
  54  4:20  SCV, Hellion  
  54  4:23  Marine  
  58  4:25  SCV  
  58  4:31  Command Center  
  59  4:39  Supply Depot  
  59  4:41  Marine  
  59  4:44  SCV  
  61  4:50  Starport Reactor  
  61  4:53  Barracks  
  61  4:54  Supply Depot  
  61  4:55  Barracks  
  61  4:58  SCV  
  62  5:00  SCV  
  62  5:05  Engineering Bay  
  62  5:06  Engineering Bay  
  63  5:08  Marine  
  63  5:11  SCV  
  63  5:13  SCV  
  66  5:14  Refinery  
  66  5:16  Refinery  
  66  5:19  Supply Depot  
  64  5:22  Siege Tank  
  64  5:23  SCV  
  64  5:26  Marine  
  67  5:29  SCV  
  67  5:35  SCV  
  61  5:44  Marine  
  61  5:45  Starport Reactor  
  61  5:46  Terran Infantry Weapons Level 1  
  61  5:47  Terran Infantry Armor Level 1  
  61  5:48  Barracks  
  61  5:49  Barracks, Marine  
  59  5:50  Marine  
  59  5:52  Marine x2  
  59  5:55  Orbital Command  
  57  6:00  Siege Tank  
  57  6:02  Marine, SCV  
  57  6:03  SCV  
  63  6:13  Marine x2  
  63  6:14  SCV  
  63  6:16  Combat Shield, Marine x2  
  68  6:18  Orbital Command  
  68  6:23  SCV  
  68  6:24  Marine, Medivac x2  
  74  6:26  SCV  
  74  6:30  Armory  
  75  6:34  Supply Depot  
  75  6:35  SCV  
  75  6:38  Siege Tank  
  79  6:40  Barracks Reactor  
  79  6:41  Barracks Reactor  
  79  6:42  SCV  
  79  6:43  SCV  
  81  6:47  Marine x2  
  81  6:48  Marine  
  81  6:49  Marine  
  81  6:52  SCV  
  86  6:54  SCV  
  86  6:55  Marine  
  86  6:59  SCV, Supply Depot  
  89  7:04  Marine, SCV  
  89  7:05  Factory, Supply Depot  
  91  7:14  SCV x2  
  93  7:16  Marine x2  
  93  7:17  Drilling Claws  
  93  7:18  Thor  
  93  7:19  Marine  
  93  7:20  Marine  
  93  7:22  Marine x4  
  105  7:27  Supply Depot  
  107  7:30  SCV  
  107  7:31  Refinery, SCV x2  
  107  7:36  Marine x3  
  113  7:37  Marine x2  
  113  7:40  Marine  
  113  7:43  SCV  
  113  7:44  Marine x2  
  118  7:46  Terran Infantry Weapons Level 2  
  118  7:50  Terran Infantry Armor Level 2  
  118  7:51  Supply Depot  
  119  7:53  Supply Depot  
  119  7:54  Factory Reactor  
  119  7:55  Marine  
  119  7:57  SCV  
  121  7:59  Missile Turret  
  121  8:02  Missile Turret, SCV  
  121  8:04  Missile Turret  
  121  8:05  Marine x3  
  123  8:09  Medivac  
  123  8:10  Medivac  
  123  8:11  Widow Mine  
  131  8:13  Marine x2, Supply Depot  
  131  8:15  Marine x2  
  131  8:17  SCV  
  134  8:22  SCV  
  134  8:24  Marine x2  
  134  8:26  SCV, Supply Depot  
  137  8:29  Marine x3, Terran Vehicle And Ship Armor Level 1  
  137  8:31  Marine x2, SCV  
  137  8:34  Widow Mine x2, SCV  
  148  8:41  Supply Depot  
  148  8:46  Widow Mine  
  149  8:50  Marine x6, Command Center  
  155  8:58  Supply Depot  
  155  9:03  Medivac  
  155  9:06  Supply Depot  
  155  9:07  Marine x2, Medivac  
  155  9:08  Widow Mine x2  
  165  9:11  Refinery  
  165  9:19  Marine x3  
  165  9:20  Widow Mine  
  170  9:27  Marine x3  
  170  9:28  Marine x3  
  170  9:29  Widow Mine  
  170  9:30  Supply Depot  
  178  9:32  Supply Depot  
  178  9:37  Marine, Widow Mine  
  181  9:41  Widow Mine  
  181  9:42  Marauder  
  181  9:45  Medivac x2  
  180  9:49  Marine  
  180  9:52  Marine x2, Widow Mine  
  177  10:01  Supply Depot  
  177  10:04  Marauder  
  177  10:06  Barracks  
  179  10:07  Barracks  
  179  10:08  Barracks  
  179  10:12  Widow Mine  
  165  10:15  Medivac x2  
  165  10:16  Widow Mine  
  165  10:18  Marine x3, Widow Mine  
  165  10:20  Marine  
  174  10:23  Marine  
  174  10:26  SCV  
  174  10:27  SCV x2  
  170  10:32  Planetary Fortress  
  170  10:38  Marine x2  
  170  10:42  Widow Mine  
  174  10:44  Marauder  
  174  10:45  Medivac  
  174  10:46  Widow Mine  
  174  10:47  Marine  
  181  10:54  Medivac  
  164  10:59  Marine x2  
  156  11:05  Marauder, Marine, Widow Mine  
  156  11:06  Marine  
  158  11:12  Marine x3  
  158  11:13  Marine  
  158  11:14  Widow Mine  
  158  11:16  Barracks Tech Lab  
  158  11:17  Barracks Reactor, Marine, Barracks Tech Lab  
  161  11:19  Thor  
  161  11:22  Medivac  
  161  11:24  Medivac  
  161  11:25  Marine x3  
  162  11:26  Widow Mine  
  162  11:27  Marauder  
  162  11:32  SCV x2  
  171  11:35  Marauder, Marine x3  
  171  11:36  Widow Mine  
  173  11:43  Concussive Shells  
  173  11:44  Marine x4, Marauder, Liberator x2  
  173  11:48  Marauder  
  173  11:49  Widow Mine  
  173  11:51  Marine  
  173  11:53  Marine x2  
  169  11:55  Marine x2  
  169  11:57  Marauder  
  168  12:04  Marine  
  168  12:05  Marauder, Marine  
  173  12:10  Thor, Marauder  
  177  12:18  Marauder  
  177  12:19  Marine x2  
  177  12:22  Marine, Widow Mine x2  
  177  12:27  Marauder  
  177  12:28  Marine  
  181  12:31  Marauder  
  181  12:33  Liberator x2  
  181  12:35  Marine  
  184  12:40  Marauder  
  184  12:43  Widow Mine  
  171  12:45  Marine x4  
  171  12:48  Marauder  
  170  12:52  Marauder  
  170  12:57  Widow Mine  
  164  13:01  Marauder  
  161  13:08  Widow Mine x2  
  161  13:09  Marauder  
  161  13:10  Marine  
  161  13:11  Marine x3  
  154  13:13  Marine x4  
  154  13:14  Marauder, Marine  
  161  13:21  Widow Mine  
  161  13:22  Marauder  
  165  13:29  Marine x2, Widow Mine, Command Center  
  165  13:30  Marine  
  165  13:31  Marauder  
  172  13:35  Marauder, Hellion  
  172  13:36  Marine x2  
  172  13:39  Medivac  
  177  13:41  Medivac  
  177  13:43  Widow Mine  
  177  13:44  Marine x2, Marauder  
  185  13:51  Widow Mine  
  185  13:52  Marauder  
  173  13:56  Marine, Widow Mine  
  173  13:57  Marauder  
  165  14:04  Marine, Widow Mine  
  165  14:05  Marauder  
  165  14:09  Medivac  
  158  14:11  Medivac  
  158  14:12  Widow Mine  
  158  14:13  Marauder  
  158  14:14  Starport  
  158  14:17  Marine x3, Widow Mine  
  158  14:18  Marauder, Marine  
  166  14:25  Terran Infantry Weapons Level 3  
  166  14:30  Widow Mine  
  168  14:32  Marauder, Marine  
  168  14:33  Marine x2  
  168  14:34  Marine x2  
  175  14:39  Medivac  
  175  14:40  Marauder  
  175  14:41  Viking  
  181  14:52  Marine x2  
  180  14:53  Marauder  
  180  14:59  Marine, Marauder, Widow Mine  
  186  15:02  Marauder  
  186  15:04  Marine x2  
  184  15:09  Medivac  
  184  15:11  Medivac x2  
  192  15:14  Marauder, Widow Mine  
  192  15:21  Marauder, Widow Mine  
  188  15:23  Marauder  
  188  15:27  Widow Mine  
  178  15:35  Marauder, Marine x2, Widow Mine  
  178  15:36  Marine  
  178  15:41  Marine x2  
  178  15:42  Marauder  
  174  15:44  Planetary Fortress  
  174  15:45  Marauder  
  172  15:51  Widow Mine  
  172  15:53  Liberator x2  
  172  15:54  Marine x3  
  172  15:55  Marine  
  154  15:57  Marauder  
  154  15:58  Liberator  
  154  16:00  Widow Mine  
  154  16:01  Marine x2  
  154  16:02  Marine x3  
  154  16:03  Marauder  
  163  16:06  Marauder  
  174  16:21  Command Center  
  174  16:25  Siege Tank  
  177  16:26  Marine x2  
  177  16:38  Marauder  
  179  16:41  Marauder  
  179  16:43  Marine, Widow Mine x2  
  179  16:47  Marine  
Tags
 
Add a new tag
Caveats
  • Supply blocks, unpowered buildings, or Contaminate may cause inaccurate times.
  • Supply counts are checked every 10 seconds.